 Seeded DCSS version 0.29.0-11-gd7f09526c8 (webtiles) character file.

Game seed: 3121381558354691732 (custom seed)

3635 purpskrrrp the Skirmisher (level 10, -3/64 (67) HPs)
             Began as a Formicid Hunter on Sept 6, 2022.
             Was a Follower of Cheibriados.
             Slain by a wight
             ... wielding a +0 scimitar
              (9 damage)
             ... on level 9 of the Dungeon.
             The game lasted 00:16:39 (6581 turns).

purpskrrrp the Skirmisher (Formicid Hunter)         Turns: 6581, Time: 00:16:40

HP:   -3/64 (67)    AC:  5    Str: 26    XL:     10   Next: 33%
MP:   10/10         EV: 12    Int: 13    God:    Cheibriados [*.....]
Gold: 394           SH: 13    Dex: 26    Spells: 9/9 levels left

rFire   . . .      SeeInvis +   a - +1 shortbow (freeze)
rCold   . . .      Faith    .   e - +3 buckler of Dueh {Harm rPois rCorr Str+2}
rNeg    . . .      Spirit   .   H - +0 steam dragon scales
rPois   +          Reflect  +   (helmet unavailable)
rElec   .          Harm     +   (no cloak)
rCorr   +          Rampage  .   (no gloves)
Will    +....                   (no boots)
Stlth   ++........              o - amulet of reflection
HPRegen 0.20/turn               f - +6 ring of strength
MPRegen 0.12/turn               l - ring of Aboj {Dex+2 Slay+4 SInv}

@: studying Evocations, lightly drained, very slow
A: permanent stasis, dig shafts and tunnels, antennae 3, four strong arms
a: Dig, Shaft Self, Renounce Religion, Bend Time


You were on level 9 of the Dungeon.
You worshipped Cheibriados.
Cheibriados was aware of your devotion.
You visited 2 branches of the dungeon, and saw 10 of its levels.

You collected 534 gold pieces.
You spent 140 gold pieces at shops.

Inventory:

Hand Weapons
 a - a +1 shortbow of freezing (weapon)
Missiles
 g - 5 throwing nets
Armour
 c - a +1 leather armour
 e - the +3 buckler of Dueh (worn) {Harm rPois rCorr Str+2}
   (You acquired it on level 1 of the Dungeon)

   Str:       It affects your strength (+2).
   rPois:     It protects you from poison.
   rCorr:     It protects you from acid and corrosion.
   Harm:      It increases damage dealt and taken.
 H - +0 steam dragon scales (worn)
Jewellery
 f - a +6 ring of strength (left hand)
 l - the ring of Aboj (right hand) {Dex+2 Slay+4 SInv}
   (You acquired it on level 1 of the Dungeon)

   [ring of slaying]

   Dex:       It affects your dexterity (+2).
   Slay:      It affects your accuracy & damage with ranged weapons and melee
   (+4).
   SInv:      It lets you see invisible.
 m - a ring of ice
 o - an amulet of reflection (around neck)
 p - an amulet of the acrobat
 q - a ring of positive energy
 u - a ring of fire
 E - a ring of protection from cold
 G - an amulet of regeneration
 J - a ring of magical power
Wands
 B - a wand of light (13)
 I - a wand of flame (6)
Scrolls
 b - 2 scrolls of immolation
 d - 4 scrolls of teleportation
 i - a scroll of enchant weapon
 k - 5 scrolls of amnesia
 r - a scroll of identify
 v - 3 scrolls of noise
Potions
 j - 2 potions of magic
 s - a potion of flight
 t - 2 potions of brilliance
 w - a potion of curing
 x - a potion of cancellation
 z - a potion of attraction {unknown}
 A - a potion of ambrosia {unknown}
 C - 2 potions of berserk rage
 D - a potion of lignification {unknown}
 F - 2 potions of degeneration
 K - a potion of might {unknown}


   Skills:
 - Level 2.2 Fighting
 + Level 12.8 Ranged Weapons
 - Level 1.8 Dodging
 - Level 1.3 Stealth
 + Level 11.0 Evocations


You had 9 spell levels left.
You didn't know any spells.
Your spell library contained the following spells:

 Spells                   Type           Power      Damage    Failure   Level
 Sting                    Tmut/Pois      0%         1d3       36%         1
 Ensorcelled Hibernation  Hex/Ice        0%         N/A       52%         2
 Passwall                 Tmut/Erth      0%         N/A       52%         2
 Poisonous Vapours        Pois/Air       0%         N/A       52%         2
 Sublimation of Blood     Necr           0%         N/A       52%         2
 Conjure Flame            Conj/Fire      0%         6-21      75%         3
 Gell's Gravitas          Tloc           0%         N/A       75%         3
 Ignite Poison            Fire/Tmut/Pois 0%         N/A       75%         3
 Portal Projectile        Hex/Tloc       0%         N/A       75%         3
 Teleport Other           Tloc           0%         N/A       75%         3
 Tukima's Dance           Hex            0%         N/A       75%         3
 Animate Dead             Necr           0%         N/A       98%         4
 Olgreb's Toxic Radiance  Pois           0%         N/A       98%         4
 Petrify                  Tmut/Erth      0%         N/A       98%         4
 Sticky Flame             Conj/Fire      0%         2d3       98%         4
 Blade Hands              Tmut           0%         N/A       100%        5
 Borgnjor's Vile Clutch   Necr/Erth      0%         N/A       100%        5
 Irradiate                Conj/Tmut      0%         3d11      100%        5
 Death Channel            Necr           0%         N/A       100%        6
 Dispersal                Tloc           0%         N/A       100%        6
 Swiftness                Air            Unusable   N/A       N/A         3

Dungeon Overview and Level Annotations

Branches:
Dungeon (9/15)             Temple (1/1) D:6
   Lair: D:8-11         Orc: D:9-12

Altars:
Ashenzari
Cheibriados
Dithmenos
Elyvilon
Fedhas
Gozag
Hepliaklqana
Kikubaaqudgha
Makhleb
Nemelex Xobeh
Okawaru
Qazlal
Sif Muna
Trog
Uskayaw
Vehumet
Wu Jian
Xom
Yredelemnul
Zin
The Shining One

Shops:
D:3 *

Annotations:
D:8 2 transporters, 1 runed translucent door, Grum; SnakkuSnakku7's ghost, novice BaCK


Innate Abilities, Weirdness & Mutations

You cannot be hasted, slowed, berserked, paralysed or teleported.
You can dig through walls and to a lower floor.
You have a pair of large antennae on your head. (SInv)
Your four strong arms can wield two-handed weapons with a shield.


Message History

You are too injured to fight recklessly!
You are too injured to fight recklessly!
You are too injured to fight recklessly!
You are too injured to fight recklessly!
You are too injured to fight recklessly!
You are too injured to fight recklessly!
You are too injured to fight recklessly!
You are too injured to fight recklessly!
You are too injured to fight recklessly!
You are too injured to fight recklessly!
Fire: a) +1 shortbow (freeze)
Press: ? - help, Shift-Dir - straight line, f - yak
Aim: a yak (81% to hit)
You shoot an arrow. The arrow hits the yak.
The arrow freezes the yak.
The yak is lightly wounded.
Okay, then.
You fade into invisibility!
You block the yak's attack.
There is an open door here.
There is an open door here.
You flicker for a moment.
You open the door. 2 wights come into view.
You flicker back into view.
Found 16 gold pieces. 2 wights come into view.
There is an open door here.
The wight hits you with a +0 dire flail.
You block the wight's attack. You block the wight's attack.
The wight hits you with a +1 falchion!
* * * LOW HITPOINT WARNING * * *
You feel drained.
* * * LOW HITPOINT WARNING * * *
The wight hits you from afar with a +5 spear!
* * * LOW HITPOINT WARNING * * *
You feel drained.
* * * LOW HITPOINT WARNING * * *
The wight attacks as you move away! You block the wight's attack. x3
The wight hits you with a +0 scimitar!
You die...

,,.....Y'.##......>#******,,,,,,*
,,......#######'#### ****+***
*+#####** #...# *,* *,** ###.#
*,* *,,* #.# *,* **,* #####'##
****,* *,* #...zY.# *,,,,* *,*
*******#..$z..# **+******
*,***,,,,,,+...@..# *,,,,,,,*
*,,,,,*****#..zz..# ***,,,,,,,*
**,,**** #......# **,+,,,,,,,*
,,,,* #......#**,,*,,,,,,,* **,**
#......+,,,*****+**** *,**
#......#**** **,* *,,* ##+#####
*,,* **,* **,* *,** *,* *,,*
***+****


You could see a yak and 4 wights.

Vanquished Creatures
  Pikel (D:6)
  Sigmund (D:4)
  A shadow (D:8)
  2 steam dragons (D:8)
  An acid dragon (D:7)
  An orc warrior (D:7)
  2 water moccasins
  An ice beast (D:7)
  A sky beast (D:7)
  4 ogres
  2 wolves (D:8)
  2 lemures (D:6)
  2 centaurs
  A phantom (D:6)
  Blork the orc (D:6)
  2 bullfrogs
  3 necrophages
  3 scorpions
  A jelly (D:5)
  3 hounds
  3 orc priests
  A gnoll bouda (D:4)
  Ijyb (D:5)
  3 iguanas
  5 orc wizards
  Robin (D:4)
  7 gnolls (D:4)
  6 adders
  A white imp (D:6)
  An ufetubus (D:5)
  6 worms
  A dart slug (D:3)
  22 orcs
  6 endoplasms
  4 giant cockroaches
  16 goblins
  10 hobgoblins
  10 jackals
  3 kobolds (D:4)
  A quokka (D:4)
  3 ball pythons
  8 bats
  3 frilled lizards
  5 rats
162 creatures vanquished.

Notes
Turn   | Place    | Note
-------+----------+-------------------------------------------
     0 | D:1      | purpskrrrp the Formicid Hunter began the quest for the Orb.
     0 | D:1      | Reached XP level 1. HP: 16/16 MP: 1/1
   159 | D:1      | Found a faded altar of an unknown god.
   163 | D:1      | Got Plato's Secrets of Vitiation
   226 | D:1      | Reached XP level 2. HP: 18/22 MP: 2/2
   569 | D:1      | Identified 3 scrolls of acquirement
   569 | D:1      | Acquired a manual of Evocations
   570 | D:1      | Acquired the +3 buckler of Dueh {Harm rPois rCorr Str+2}
   571 | D:1      | Acquired the ring of Aboj {Dex+2 Slay+4 SInv}
   636 | D:2      | Reached XP level 3. HP: 27/27 MP: 3/3
   763 | D:2      | Reached skill level 5 in Ranged Weapons
   763 | D:2      | Found a bloodstained altar of Trog.
  1028 | D:2      | Reached XP level 4. HP: 31/33 MP: 4/4
  1339 | D:3      | Noticed an ogre
  1342 | D:3      | Killed an ogre
  1343 | D:3      | Reached skill level 6 in Ranged Weapons
  1343 | D:3      | Reached XP level 5. HP: 38/38 MP: 5/5
  1360 | D:3      | Found Isonomam's Assorted Antiques.
  1365 | D:3      | Bought a large glass ring for 140 gold pieces
  1734 | D:4      | Reached XP level 6. HP: 44/44 MP: 6/6
  1737 | D:4      | Reached skill level 7 in Ranged Weapons
  2120 | D:4      | Reached XP level 7. HP: 50/50 MP: 7/7
  2147 | D:4      | Reached skill level 8 in Ranged Weapons
  2359 | D:4      | Noticed Robin
  2365 | D:4      | Killed Robin
  2667 | D:4      | Noticed Sigmund
  2673 | D:4      | Killed Sigmund
  2674 | D:4      | Reached skill level 9 in Ranged Weapons
  2674 | D:4      | Reached XP level 8. HP: 40/56 MP: 8/8
  2881 | D:4      | Found an iron altar of Okawaru.
  2977 | D:5      | Entered Level 5 of the Dungeon
  3088 | D:5      | Reached skill level 10 in Ranged Weapons
  3340 | D:5      | Noticed Ijyb
  3346 | D:5      | Killed Ijyb
  3915 | D:6      | Reached skill level 1 in Evocations
  4016 | D:6      | Found a staircase to the Ecumenical Temple.
  4034 | D:6      | Reached XP level 9. HP: 61/61 MP: 9/9
  4157 | D:6      | Reached skill level 11 in Ranged Weapons
  4296 | D:6      | Noticed Pikel
  4338 | Temple   | Entered the Ecumenical Temple
  4777 | Temple   | Became a worshipper of Cheibriados the Contemplative
  4950 | D:6      | Killed Pikel
  5029 | D:6      | Noticed Blork the orc
  5033 | D:6      | Killed Blork the orc
  5244 | D:7      | Reached skill level 12 in Ranged Weapons
  5382 | D:7      | Found a stormy altar of Qazlal.
  5411 | D:7      | Reached * piety under Cheibriados
  5535 | D:7      | Reached XP level 10. HP: 67/67 MP: 10/10
  6001 | D:8      | Found an opulent altar of Gozag.
  6089 | D:8      | Reached skill level 10 in Evocations
  6138 | D:8      | Noticed a two-headed ogre
  6158 | D:8      | Found a bloodstained altar of Trog.
  6158 | D:8      | Noticed SnakkuSnakku7's ghost (novice BaCK)
  6173 | D:8      | Found a transporter.
  6176 | D:8      | Found a transporter.
  6176 | D:8      | Noticed a moth of wrath
  6467 | D:8      | Found a runed translucent door.
  6471 | D:8      | Found a basalt altar of Yredelemnul.
  6484 | D:8      | Noticed Grum
  6500 | D:8      | You fall into a shaft and drop 1 floor!
  6581 | D:9      | Slain by a wight

Illustrated notes

Levels and vault maps discovered:
D:1:      minmay_arrival_glassed_features, layout_loops_ring,
          shapermc_ecumenical_altar_rom_forum, nicolae_kite_square_tiling_tiny
D:2:      layout_basic, basic_altar
D:3:      layout_rooms, serial_shops, nicolae_shop_hallway_stairs
D:4:      layout_basic, okawaru_altar_gauntlet_db, dreamdust_gnoll_farm,
          uniq_sigmund, uniq_robin
D:5:      layout_loops_ring, nicolae_sextant, uniq_ijyb
D:6:      layout_basic, minmay_temple_entry_junction, uniq_pikel,
          uniq_blork_the_orc
D:7:      layout_cave_pools, overflow_temple_1_default
D:8:      due_megacathedral, layout_gridville, nicolae_ru_sacrificial_ziggurat,
          overflow_temple_1_default, dk_yredelemnul_ordeal,
          gammafunk_ghost_wrathful_warriors, uniq_grum
D:9:      layout_roguey, enter_bailey_3, minmay_misc_feat_cross, chequers_garden
Temple:   minmay_temple_bridge_d

Skill      XL: |  1  2  3  4  5  6  7  8  9 10 |
---------------+-------------------------------+-----
Ranged Weapons | 5 6 7 9 10 12 | 12.8
Evocations     | 3 9 11 | 11.0
Fighting       | |  2.2
Dodging        | |  1.8
Stealth        | |  1.3

Action                   |  1- 3 |  4- 6 |  7- 9 | 10-12 || total
-------------------------+-------+-------+-------+-------++-------
 Fire: Shortbow          |    61 |    74 |   215 |    35 ||   385
 Abil: Dig               |       |       |       |     1 ||     1
       Shaft Self        |       |       |       |     1 ||     1
  Use: Scroll            |     7 |     2 |     8 |    11 ||    28
       Potion            |       |       |     2 |     2 ||     4
Armor: Leather armour    |     5 |       |     7 |       ||    12
       Steam dragon scal |       |       |       |     2 ||     2
Dodge: Dodged            |     9 |    10 |    27 |     5 ||    51
Block: Buckler           |       |     4 |    27 |     9 ||    40
       Reflection        |       |       |     3 |     1 ||     4
